 Dungeon Crawl Stone Soup version 0.28-a0-1339-ga5422284a4 (webtiles) character file.

Game seed: 6174970882220983407

143 ytrimaz the Insei (level 5, 0/34 HPs)
             Began as an Octopode Transmuter on Dec 29, 2021.
             Slain by an orc wizard (2 damage)
             ... on level 3 of the Dungeon.
             The game lasted 00:02:12 (2308 turns).

ytrimaz the Insei (Octopode Transmuter)             Turns: 2308, Time: 00:02:14

Health: 0/34       AC:  1    Str: 10    XL:     5   Next: 25%
Magic:  2/9        EV: 13    Int: 17    God:
Gold:   129        SH:  0    Dex: 12    Spells: 4/10 levels left

rFire   . . .      SeeInvis .     - Unarmed
rCold   . . .      Faith    .   (no shield)
rNeg    . . .      Spirit   .   (helmet restricted)
rPois   .          Reflect  .   (no amulet)
rElec   .          Harm     .   (no ring)
rCorr   .          Rampage  .   (no ring)
Will    .....                   (no ring)
Stlth   ++........              (no ring)
HPRegen 0.11/turn               (no ring)
MPRegen 0.11/turn               (no ring)
                                (no ring)
                                (no ring)

@: no status effects
A: almost no armour, amphibious, 8 rings, camouflage 1, gelatinous body 1,
(nimble swimmer 1), tentacles
a: no special abilities


You were on level 3 of the Dungeon.
You visited 1 branch of the dungeon, and saw 3 of its levels.

You collected 129 gold pieces.

Inventory:

Jewellery
 e - a ring of fire
Wands
 b - a wand of flame (9)
Scrolls
 c - 2 scrolls of teleportation


   Skills:
 * Level 2.1 Fighting
 - Level 2.0 Dodging
 + Level 3.9 Unarmed Combat
 * Level 3.0 Spellcasting
 * Level 3.2 Transmutations
 + Level 0.1 Poison Magic


You had 4 spell levels left.
You knew the following spells:

 Your Spells              Type           Power      Damage    Failure   Level
a - Beastly Appendage     Tmut           26%        N/A       4%          1
b - Wereblood             Tmut           13%        N/A       7%          2
c - Spider Form           Tmut/Pois      8%         N/A       26%         3

Your spell library contained the following spells:

 Spells                   Type           Power      Damage    Failure   Level
 Ice Form                 Ice/Tmut       8%         N/A       65%         4


Dungeon Overview and Level Annotations

Branches:
Dungeon (3/15)

Altars:
Elyvilon


Innate Abilities, Weirdness & Mutations

You cannot wear most types of armour.
You are amphibious.
You can wear up to eight rings at the same time.
Your skin changes colour to match your surroundings (Stealth+).
Your rubbery body absorbs attacks. (AC +1, EV +1)
((You are camouflaged when in or above water. (Stealth+)))
You have tentacles for arms and can constrict up to eight enemies at once.


Message History

The scorpion is almost dead.
You hear a shout! x2
You kill the scorpion!
Your Fighting skill increases to level 2!
Your Spellcasting skill increases to level 3!
Your Transmutations skill increases to level 3!
You have reached level 5!
You feel stronger.
The orc hits you from afar with a +0 trident.
Something hits you.
* * * LOW HITPOINT WARNING * * *
Things that are here:
a +0 dagger; a scorpion corpse You closely miss something.
The orc misses you. Something hits you.
* * * LOW HITPOINT WARNING * * *
Your magical contamination has completely faded away.
You hit something.
The orc hits you from afar with a +0 trident.
* * * LOW HITPOINT WARNING * * *
You hit something.
Your transformation has ended.
Something hits you but does no damage. The orc barely misses you.
The quokka twitches its whiskers.
The orc barely misses you. Something hits you.
* * * LOW HITPOINT WARNING * * *
Unknown command.
You barely miss the orc. You grab the orc. You squeeze the orc.
The orc is almost dead.
You constrict the orc.
You kill the orc!
The orc closely misses you. Something hits you.
* * * LOW HITPOINT WARNING * * *
Unknown command.
It was a potion of curing.
You feel better. Something hits you.
* * * LOW HITPOINT WARNING * * *
The quokka barely misses you.
The orc hits you from afar with a +0 trident!
* * * LOW HITPOINT WARNING * * *
Something hits you.
You die...

#.......## ##.........###.#
.........####..........##.##
.........'...........)..)..#
.........####.......#######...#
#.......###....#o...# ....#
##.....## #.####..<.# ####
##...## #. #.#### ##+## . #r#
#. #@# . #.# #o# #.#.##o#
#.B....# .....#...# s##........
#.###....# .. #.#...#


You could see an orc wizard, 2 orcs and a quokka.

Vanquished Creatures
  A scorpion (D:3)
  2 adders (D:2)
  2 worms (D:2)
  2 dart slugs (D:2)
  2 orcs (D:3)
  4 bats (D:1)
  4 endoplasms
  4 giant cockroaches
  5 goblins
  2 hobgoblins (D:1)
  9 jackals
  3 quokkas
  A frilled lizard (D:2)
  8 kobolds
  3 rats
52 creatures vanquished.

Notes
Turn   | Place    | Note
-------+----------+-------------------------------------------
     0 | D:1      | ytrimaz the Octopode Transmuter began the quest for the
                  | Orb.
     0 | D:1      | Reached XP level 1. HP: 13/13 MP: 3/3
   213 | D:1      | Reached XP level 2. HP: 10/18 MP: 3/5
   683 | D:1      | Reached XP level 3. HP: 23/23 MP: 4/6
   686 | D:1      | Learned a level 2 spell: Wereblood
   690 | D:1      | Learned a level 3 spell: Spider Form
   743 | D:1      | You fall into a shaft and drop 1 floor!
   870 | D:2      | Reached XP level 4. HP: 25/29 MP: 5/7
   985 | D:2      | Found a faded altar of an unknown god.
  1034 | D:2      | Found a white marble altar of Elyvilon.
  2278 | D:3      | Noticed a scorpion
  2302 | D:3      | Killed a scorpion
  2303 | D:3      | Reached XP level 5. HP: 17/34 MP: 2/9
  2308 | D:3      | Slain by an orc wizard

Illustrated notes

Levels and vault maps discovered:
D:1:      ncdulo_smallfort, layout_loops_cross
D:2:      layout_rooms, basic_altar, nicolae_ecumenical_pavilion
D:3:      layout_loops_corners, chei_slow_surprise, trog_three_pillars_becter,
          fedhas_altar_2, tgw_kikubaaqudgha, minmay_fractal_squares_5

Skill      XL: |  1  2  3  4 |
---------------+-------------+-----
Fighting       | 2 |  2.1
Spellcasting   | 3 |  3.0
Transmutations | 3 |  3.2
Dodging        | |  2.0
Unarmed Combat | |  3.9
Poison Magic   | |  0.1

Action                   |  1- 3 |  4- 6 || total
-------------------------+-------+-------++-------
Melee: Unarmed           |    68 |    40 ||   108
       Constrict         |    19 |    12 ||    31
       Kick              |    13 |     8 ||    21
       Tentacles         |     9 |    10 ||    19
       Punch             |     3 |     1 ||     4
 Cast: Beastly Appendage |    15 |    12 ||    27
       Wereblood         |     1 |       ||     1
       Spider Form       |       |     1 ||     1
  Use: Scroll            |       |     6 ||     6
       Potion            |       |     1 ||     1
 Stab: Sleeping          |     2 |     5 ||     7
Armor: Skin              |     6 |     4 ||    10
Dodge: Dodged            |    51 |    24 ||    75

Table legend: (Time is in decaauts)
 A = Elapsed time spent in this place.
 B = Non-inter-level travel time spent in this place.
 C = Inter-level travel time spent in this place.
 D = Time resting spent in this place.
 E = Time spent auto-exploring this place.
 F = Levels seen in this place.
 G = Mean time per level.
                   A        B        C        D        E       F      G
               +--------+--------+--------+--------+--------+-----+--------+
         Total |   2301 |   2274 |     27 |    322 |   1550 |   3 |  767.0 |
       Dungeon |   2301 |   2274 |     27 |    322 |   1550 |   3 |  767.0 |
               +--------+--------+--------+--------+--------+-----+--------+

Top non-repeatable levels by time:
     D:1: 1162 daAuts
     D:2: 777 daAuts
     D:3: 361 daAuts
